 Dungeon Crawl Stone Soup version 0.24-a0-451-g263dff2034 (webtiles) character file.

Game seed: 7910748622921080503

84 Mrkan the Chopper (level 4, 0/41 HPs)
             Began as a Hill Orc Fighter on June 26, 2019.
             Was an Initiate of Beogh.
             Slain by an orc warrior
             ... wielding a +0 mace
              (11 damage)
             ... on level 3 of the Dungeon.
             The game lasted 00:03:34 (2068 turns).

Mrkan the Chopper (Hill Orc Fighter)                Turns: 2068, Time: 00:03:35

Health: 0/41       AC:  6    Str: 19    XL:     4   Next: 45%
Magic:  4/4        EV:  7    Int:  8    God:    Beogh [......]
Gold:   96         SH:  9    Dex: 10    Spells: 3/3 levels left

rFire    . . .     SeeInvis .   a - +0 war axe
rCold    . . .     Gourm    .   c - +0 shield
rNeg     . . .     Faith    .   b - +0 scale mail
rPois    .         Spirit   .   (no helmet)
rElec    .         Reflect  .   (no cloak)
rCorr    .         Harm     .   (no gloves)
MR       .....                  (no boots)
Stlth    ..........             (no amulet)
HPRegen  0.13/turn              (no ring)
MPRegen  0.09/turn              (no ring)

@: no status effects
A: no striking features
a: Renounce Religion


You were on level 3 of the Dungeon.
You worshipped Beogh.
Beogh was noncommittal.
You were not hungry.

You visited 1 branch of the dungeon, and saw 3 of its levels.

You collected 96 gold pieces.

Inventory:

Hand Weapons
 a - a +0 war axe (weapon)
Missiles
 o - 10 stones (quivered)
Armour
 b - a +0 scale mail (worn)
 c - a +0 shield (worn)
Jewellery
 i - a +5 ring of intelligence {unknown}
Wands
 n - a wand of iceblast (10)
Scrolls
 e - a scroll of remove curse {unknown}
 g - 5 scrolls of identify {unknown}
 j - a scroll of fog {unknown}
Potions
 d - a potion of might
 h - a potion of mutation {unknown}
 k - a potion of haste {unknown}
 l - 2 potions of lignification {unknown}
 m - a potion of heal wounds {unknown}
Comestibles
 f - 4 rations


   Skills:
 + Level 4.3 Fighting
 * Level 4.7 Axes
 - Level 3.2 Armour
 + Level 4.0 Shields


You had 3 spell levels left.
You didn't know any spells.
Your spell library was empty.

Dungeon Overview and Level Annotations

Branches:
Dungeon (3/15)

Altars:
Okawaru
Uskayaw


Message History

You barely miss the orc warrior.
The orc warrior is moderately wounded.
You block the orc warrior's attack.
You barely miss the orc warrior.
The orc warrior is moderately wounded.
You block the orc warrior's attack.
You hit the orc warrior but do no damage.
The orc warrior is moderately wounded.
The orc warrior hits you with a +0 mace!
You closely miss the orc warrior.
The orc warrior is moderately wounded.
You block the orc warrior's attack.
The orc warrior hits you with a +0 mace!
* * * LOW HITPOINT WARNING * * *
There is an escape hatch in the ceiling here.
There is an open door here.
There is a stone staircase leading up here.
The orc warrior hits you with a +0 mace!
You die...
Beogh appreciates the orc warrior's killing of a heretic priest.

#.###.##..#
#.........#
#####.#####
##'##
##.o.##
##.....##
##...o...##
#....o....#
+....@....+
#.........#
##.......##
##.....##
##...##
##+##


You could see an orc warrior and 2 orcs.

Vanquished Creatures
  3 adders
  A dart slug (D:1)
  2 leopard geckos (D:1)
  An orc (D:3)
  2 ball pythons
  3 giant cockroaches
  9 goblins
  4 hobgoblins
  6 jackals
  A quokka (D:2)
  6 bats
  A frilled lizard (D:2)
  5 kobolds
  5 rats
49 creatures vanquished.

Vanquished Creatures (others)
  An orc priest (D:3)
  A goblin (D:3)
  4 toadstools (D:3)
6 creatures vanquished.

Grand Total: 55 creatures vanquished

Notes
Turn   | Place    | Note
-------+----------+-------------------------------------------
     0 | D:1      | Mrkan the Hill Orc Fighter began the quest for the Orb.
     0 | D:1      | Reached XP level 1. HP: 19/19 MP: 1/1
    60 | D:1      | Reached XP level 2. HP: 8/27 MP: 2/2
   367 | D:1      | Found an iron altar of Okawaru.
   465 | D:1      | Reached XP level 3. HP: 23/33 MP: 3/3
  1276 | D:2      | Reached XP level 4. HP: 33/40 MP: 4/4
  1587 | D:2      | Found a faded altar of an unknown god.
  1874 | D:3      | Found a hide-covered altar of Uskayaw.
  1878 | D:3      | Became a worshipper of Beogh the Brigand
  2007 | D:3      | Noticed an orc warrior
  2068 | D:3      | Slain by an orc warrior

Levels and vault maps discovered:
D:1:      dpeg_arrival_arbitrary_c, layout_loops_ring, okawaru_ov_weapons_minmay
D:2:      layout_basic, chequers_ecumenical_altar_simple_redux
D:3:      layout_loops_corners, first_ration, minmay_gold_behind_fungi,
          lemuel_tele_altar

Skill      XL: |  1  2  3  4 |
---------------+-------------+-----
Axes           | 3 4 |  4.7
Fighting       | 4 |  4.3
Shields        | 4 |  4.0
Armour         | |  3.2

Action                   |  1- 3 |  4- 6 || total
-------------------------+-------+-------++-------
Melee: War axe           |   151 |    37 ||   188
Invok: Convert to Beogh  |       |     1 ||     1
  Eat: Chunk             |     1 |     1 ||     2
       Ration            |       |     1 ||     1
Armor: Scale mail        |    72 |    18 ||    90
Dodge: Dodged            |    53 |    18 ||    71
Block: Shield            |    94 |    23 ||   117

Table legend:
 A = Non-vault XP
 B = Vault XP
 C = Vault XP percentage of total XP
 D = Non-vault monster count
 E = Vault monster count
 F = Vault count percentage of total count
                 A         B        C        D         E       F
            +---------+---------+-------+---------+---------+-------
      Total |     120 |       0 |   0.0 |      49 |       0 |   0.0
            +---------+---------+-------+---------+---------+-------
        D:1 |      47 |       0 |   0.0 |      26 |       0 |   0.0
        D:2 |      41 |       0 |   0.0 |      19 |       0 |   0.0
        D:3 |      32 |       0 |   0.0 |       4 |       0 |   0.0
            +---------+---------+-------+---------+---------+-------
